 Dungeon Crawl Stone Soup version 0.25-a0-700-g7f8a7979f0 (webtiles) character file.

Game seed: 15905845150319492117, levelgen mode: deterministic

36 kae the Ruffian (level 3, 0/31 HPs)
             Began as a Naga Transmuter on Apr 2, 2020.
             Slain by Terence
             ... wielding a +2 vorpal flail
              (6 damage)
             ... on level 2 of the Dungeon.
             The game lasted 00:01:17 (1935 turns).

kae the Ruffian (Naga Transmuter)                   Turns: 1935, Time: 00:01:17

Health: 0/31       AC:  3    Str: 12    XL:     3   Next: 37%
Magic:  5/6        EV: 10    Int: 14    God:
Gold:   37         SH:  0    Dex: 11    Spells: 3/6 levels left

rFire    . . .     SeeInvis +     - Unarmed
rCold    . . .     Gourm    .   (no shield)
rNeg     . . .     Faith    .   b - +1 robe
rPois    +         Spirit   .   (no helmet)
rElec    .         Reflect  .   (no cloak)
rCorr    .         Harm     .   (no gloves)
MR       .....                  (no barding)
Stlth    +.........             (no amulet)
HPRegen  0.10/turn              (no ring)
MPRegen  0.10/turn              (no ring)

@: short of breath, very slow
A: large, see invisible, deformed body, poison resistance, slowness 2, slow
metabolism 1, spit poison 1, AC +1
a: Spit Poison


You were on level 2 of the Dungeon.
You were not hungry.

You visited 1 branch of the dungeon, and saw 2 of its levels.

You collected 37 gold pieces.

Inventory:

Missiles
 a - 31 arrows
Armour
 b - a +1 robe (worn)
Jewellery
 f - an uncursed amulet of regeneration
Scrolls
 c - a scroll of fog
 e - a scroll of enchant armour
Potions
 g - a potion of cancellation
Comestibles
 d - 2 rations


   Skills:
 - Level 1.0 Fighting
 - Level 1.5 Dodging
 * Level 3.7 Unarmed Combat
 + Level 2.3 Spellcasting
 + Level 2.5 Transmutations


You had 3 spell levels left.
You knew the following spells:

 Your Spells              Type           Power        Failure   Level  Hunger
a - Beastly Appendage     Tmut           #.....       9%          1    #......
b - Sticks to Snakes      Tmut           #.......     12%         2    ###....

Your spell library contained the following spells:

 Spells                   Type           Power        Failure   Level  Hunger
 Spider Form              Tmut/Pois      #.........   38%         3    ###....
 Ice Form                 Ice/Tmut       #.......     80%         4    #####..
 Blade Hands              Tmut           #.........   92%         5    ######.


Dungeon Overview and Level Annotations

Branches:
Dungeon (2/15)

Altars:

Annotations:
D:2 Sigmund, Terence


Innate Abilities, Weirdness & Mutations

You cannot wear boots.
Your serpentine skin is tough. (AC +1)
You have supernaturally acute eyesight. (SInv)
Armour fits poorly on your strangely shaped body.
Your system is resistant to poisons. (rPois)
You cover ground very slowly.
You have a slow metabolism.
You can spit poison.


Message History

Your ball python bites Terence but does no damage.
Your ball python constricts Terence.
Terence barely misses you.
You hit Terence but do no damage.
Terence is heavily wounded.
Your ball python bites Terence.
Your ball python constricts Terence.
Press: ? - help, Shift-Dir - straight line, f - Terence
Aim: Terence, wielding a +2 vorpal flail and wearing a cursed +0 scale mail (heavily wounded, constricted by your ball python)
The splash of poison hits Terence.
Terence is poisoned.
Terence is severely wounded.
You feel slightly more hungry.
Your ball python bites Terence but does no damage.
Your ball python constricts Terence.
Terence hits you with a +2 vorpal flail.
* * * LOW HITPOINT WARNING * * *
x2 Your ball python bites Terence but does no damage.
Your ball python constricts Terence.
You hit Terence but do no damage.
Terence is almost dead.
Terence hits you with a +2 vorpal flail.
You die...

# #.# # #.# # #.#
### #.# ..# #.#
#.# #.# #.# #..
#.# #.# #.# ##@#
#.# #.# #S@# #.#
#.# #.## #.# #.#
#.# #.# #.# #.#
#[# #.# #.#
#.#####.# #.#
#.......#######.#
................#
#################


You could see Terence and a friendly ball python.

Vanquished Creatures
  An ooze (D:2)
  2 dart slugs (D:1)
  2 bats (D:1)
  2 giant cockroaches (D:1)
  A goblin (D:1)
  6 hobgoblins
  4 kobolds
  2 quokkas (D:2)
  2 frilled lizards (D:1)
  3 rats (D:2)
25 creatures vanquished.

Notes
Turn   | Place    | Note
-------+----------+-------------------------------------------
     0 | D:1      | kae the Naga Transmuter began the quest for the Orb.
     0 | D:1      | Reached XP level 1. HP: 18/18 MP: 3/3
   333 | D:1      | Reached XP level 2. HP: 14/25 MP: 3/5
  1368 | D:1      | Reached XP level 3. HP: 19/31 MP: 4/6
  1799 | D:2      | Noticed Sigmund
  1914 | D:2      | Noticed Terence
  1918 | D:2      | Learned a level 2 spell: Sticks to Snakes
  1935 | D:2      | Slain by Terence

Levels and vault maps discovered:
D:1:      arrival_zaba_pyramid, layout_loops_corners, minmay_vboxes
D:2:      layout_loops_ring, first_ration, kennysheep_decorative_pillar,
          grunt_ministairs_12, uniq_sigmund, uniq_terence

Action                   || total
-------------------------++-------
Melee: Unarmed           ||    93
       Headbutt          ||    12
       Punch             ||     1
 Cast: Beastly Appendage ||    17
       Sticks to Snakes  ||     1
 Abil: Spit Poison       ||     1
  Use: Scroll            ||     4
       Potion            ||     2
  Eat: Chunk             ||     2
Armor: Robe              ||    19
Dodge: Dodged            ||    49

Table legend:
 A = Non-vault XP
 B = Vault XP
 C = Vault XP percentage of total XP
 D = Non-vault monster count
 E = Vault monster count
 F = Vault count percentage of total count
                 A         B        C        D         E       F
            +---------+---------+-------+---------+---------+-------
      Total |      42 |      10 |  19.2 |      20 |       5 |  20.0
            +---------+---------+-------+---------+---------+-------
        D:1 |      24 |      10 |  29.4 |      12 |       5 |  29.4
        D:2 |      18 |       0 |   0.0 |       8 |       0 |   0.0
            +---------+---------+-------+---------+---------+-------
